 Dungeon Crawl Stone Soup version 0.25-a0-730-g633e9c3c14 (webtiles) character file.

Game seed: 18376010380274791976, levelgen mode: deterministic

843192 Inarius the Petrodigitator (level 27, -11/194 HPs)
             Began as a Human Earth Elementalist on Apr 4, 2020.
             Was the Champion of Jiyva (penitent).
             Killed from afar by a green death (22 damage)
             ... with a bolt of poison
             ... on level 1 of the Abyss on Apr 7, 2020.
             The game lasted 06:02:36 (98509 turns).

Inarius the Petrodigitator (HuEE)                  Turns: 98509, Time: 06:02:36

Health: -11/194    AC: 22    Str: 13    XL:     27
Magic:  3/53       EV: 17    Int: 38    God:    Jiyva [*]
Gold:   7406       SH: 27    Dex: 12    Spells: 4/68 levels left

rFire    + . .     SeeInvis +   b - staff of earth
rCold    . . .     Gourm    .   K - +8 tower shield {reflect}
rNeg     + + .     Faith    .   O - +7 faerie dragon scales {rF+ rCorr}
rPois    .         Spirit   .   g - +0 mask of the Dragon {MR+ Slay+3 SInv}
rElec    +         Reflect  +   y - +2 cloak {+Inv}
rCorr    +         Harm     .   x - +2 pair of gloves {Str+3}
MR       ++++.     Clarity  +   I - +2 pair of boots
Stlth    ++........             e - amulet of Buatet Unug {RegenMP rN+ Dex+2}
HPRegen  0.42/turn              Q - ring "Iczel" {rElec MR+ Int+2 Dex-4 SInv}
MPRegen  0.58/turn              S - ring of Dithmenos's Favour {rN+ Int+9}

@: lethally poisoned (-11 -> -28), about to teleport
A: clarity, high mp 1, pseudopods 1, MP-powered wands, sturdy frame 1
}: 4/15 runes: decaying, serpentine, slimy, silver
a: Renounce Religion, Evoke Invisibility


You were on level 1 of the Abyss.
You worshipped Jiyva.
Jiyva was demanding penance.
You were very full.

You visited 11 branches of the dungeon, and saw 57 of its levels.
You visited the Abyss 6 times.
You visited 1 ziggurat, and saw 14 of its levels.
You also visited: Sewer, Ossuary, Bailey and Desolation.

You collected 8994 gold pieces.
You spent 1588 gold pieces at shops.

Inventory:

Hand Weapons
 a - the +16 lance "Wyrmbane" {slay drac, rPois rF+ rC+ AC+3}
   (You found it in the Desolation of Salt)

   It affects your AC (+3).
   It protects you from fire.
   It protects you from cold.
   It protects you from poison.
Armour
 g - the +0 mask of the Dragon (worn) {MR+ Slay+3 SInv}
   (You bought it in a shop on level 9 of the Dungeon)

   It affects your accuracy and damage with ranged weapons and melee attacks
   (+3).
   It affects your resistance to hostile enchantments.
   It lets you see invisible.
 x - a +2 pair of gloves of strength (worn)
 y - a +2 cloak of invisibility (worn)
 z - the +1 cloak "Nunk" {+Inv rC- rN++ Dex+9}
   (You found it on level 9 of a ziggurat)

   It affects your dexterity (+9).
   It makes you vulnerable to cold.
   It greatly protects you from negative energy.
   It lets you turn invisible.
 A - +5 pearl dragon scales
 I - a +2 pair of boots (worn)
 K - a +8 tower shield of reflection (worn)
 O - the +7 faerie dragon scales (worn) {rF+ rCorr}
   (You took it off the Enchantress on level 3 of the Depths)

   It protects you from fire.
   It provides partial protection from all sources of acid and corrosion.
 P - a +3 ring mail of magic resistance
 Y - the +2 helmet of Laoriem {+Fly rPois rN++ MR-}
   (You acquired it on level 3 of the Lair of Beasts)

   It protects you from poison.
   It greatly protects you from negative energy.
   It affects your resistance to hostile enchantments.
   It lets you fly.
Magical Staves
 b - an uncursed staff of earth (weapon)
 v - an uncursed staff of energy
Jewellery
 e - the amulet of Buatet Unug (around neck) {RegenMP rN+ Dex+2}
   (You bought it in a shop on level 2 of the Orcish Mines)

   [amulet of magic regeneration]

   It increases your magic regeneration.
   It affects your dexterity (+2).
   It protects you from negative energy.
 C - the ring "Baxtatafaup" {rF++ EV+1 Str+7 Dex-2}
   (You took it off a vault warden on level 5 of the Vaults)

   [ring of evasion]

   It affects your evasion (+1).
   It affects your strength (+7).
   It affects your dexterity (-2).
   It greatly protects you from fire.
 F - the amulet of Mistrust {rF+ rC+ Regen+ MP+9 Dex+4}
   (You took it off a vampire knight on level 3 of the Crypt)

   [amulet of regeneration]

   It affects your dexterity (+4).
   It protects you from fire.
   It protects you from cold.
   It affects your magic capacity (+9).
   It increases your rate of regeneration.
 Q - the ring "Iczel" (left hand) {rElec MR+ Int+2 Dex-4 SInv}
   (You took it off a deep elf high priest on level 3 of the Elven Halls)

   [ring of protection from magic]

   It affects your intelligence (+2).
   It affects your dexterity (-4).
   It insulates you from electricity.
   It affects your resistance to hostile enchantments.
   It lets you see invisible.
 S - the ring of Dithmenos's Favour (right hand) {rN+ Int+9}
   (You found it on level 3 of the Crypt)

   [ring of positive energy]

   It affects your intelligence (+9).
   It protects you from negative energy.
 X - the ring of Ruategach {rN+ Int+7}
   (You found it on level 3 of the Crypt)

   [ring of positive energy]

   It affects your intelligence (+7).
   It protects you from negative energy.
Wands
 t - a wand of paralysis (28)
 w - a wand of clouds (7)
 U - a wand of acid (5)
 V - a wand of digging (10)
Scrolls
 c - a scroll of enchant weapon
 h - 11 scrolls of fear
 l - 3 scrolls of summoning
 o - 4 scrolls of magic mapping
 u - 9 scrolls of fog
 B - 3 scrolls of immolation
 D - 16 scrolls of teleportation
 J - 26 scrolls of remove curse
 M - 10 scrolls of vulnerability
 R - 15 scrolls of blinking
 W - 12 scrolls of identify
Potions
 f - 3 potions of cancellation
 i - 12 potions of might
 j - 17 potions of curing
 k - 20 potions of mutation
 m - 4 potions of flight
 n - 17 potions of haste
 p - 5 potions of resistance
 q - 5 potions of invisibility
 s - 4 potions of heal wounds
 G - 2 potions of magic
 T - 8 potions of brilliance
 Z - a potion of ambrosia
Miscellaneous
 H - 4 boxes of beasts
 L - a lightning rod (3/4)
 N - 6 phantom mirrors
Comestibles
 d - 73 rations


   Skills:
 + Level 11.0 Fighting
   Level 6.1 Short Blades
   Level 0.7(4.0) Maces & Flails
 - Level 2.0(4.4) Polearms
 + Level 6.3(6.5) Staves
 + Level 9.7 Armour
 + Level 13.0 Dodging
 - Level 2.0 Stealth
 + Level 15.9 Shields
 - Level 21.2 Spellcasting
 O Level 27 Conjurations
 * Level 15.0 Necromancy
 + Level 0.2 Translocations
 - Level 2.0 Transmutations
 * Level 14.4 Fire Magic
 O Level 27 Earth Magic
 - Level 14.4 Evocations


You had 4 spell levels left.
You knew the following spells:

 Your Spells              Type           Power        Failure   Level  Hunger
a - Starburst             Conj/Fire      ########..   1%          6    None
b - Borgnjor's Vile Clut  Necr/Erth      ########..   0%          5    None
c - Apportation           Tloc           #####.       1%          1    None
d - Lee's Rapid Deconstr  Erth           #########.   0%          5    None
e - Necromutation         Tmut/Necr      #######...   99%         8    ##.....
f - Orb of Destruction    Conj           ########..   1%          7    None
g - Lehudib's Crystal Sp  Conj/Erth      #########.   1%          8    ##.....
h - Shatter               Erth           #########.   3%          9    ####...
i - Iron Shot             Conj/Erth      #########.   0%          6    None
j - Fire Storm            Conj/Fire      ########..   43%         9    ####...

Your spell library contained the following spells:

 Spells                   Type           Power        Failure   Level  Hunger
 Animate Skeleton         Necr           N/A          0%          1    None
 Magic Dart               Conj           ####         0%          1    None
 Pain                     Necr           ####         0%          1    None
 Sandblast                Erth           ######       0%          1    None
 Shock                    Conj/Air       ####         0%          1    None
 Passwall                 Tmut/Erth      ########     0%          2    None
 Searing Ray              Conj           ######       0%          2    None
 Sublimation of Blood     Necr           ########..   0%          2    None
 Conjure Flame            Conj/Fire      ########     0%          3    None
 Stone Arrow              Conj/Erth      ######       0%          3    None
 Vampiric Draining        Necr           ########..   0%          3    None
 Sticky Flame             Conj/Fire      ########     0%          4    None
 Beastly Appendage        Tmut           ######       1%          1    None
 Sting                    Tmut/Pois      ####         1%          1    None
 Corpse Rot               Necr/Air       N/A          1%          2    None
 Sticks to Snakes         Tmut           ######..     1%          2    None
 Dazzling Flash           Conj/Hex       ######       1%          3    None
 Ignite Poison            Fire/Tmut/Pois ######..     1%          3    None
 Inner Flame              Hex/Fire       #######.     1%          3    None
 Mephitic Cloud           Conj/Pois/Air  #######.     1%          3    None
 Animate Dead             Necr           N/A          1%          4    None
 Dispel Undead            Necr           ########     1%          4    None
 Fulminant Prism          Conj/Hex       #######...   1%          4    None
 Hailstorm                Conj/Ice       #######.     1%          4    None
 Iskenderun's Mystic Bla  Conj/Tloc      #######.     1%          4    None
 Petrify                  Tmut/Erth      ########     1%          4    None
 Infusion                 Chrm           ####         2%          1    None
 Summon Butterflies       Summ           #####...     2%          1    None
 Summon Small Mammal      Summ           ####         2%          1    None
 Blink                    Tloc           N/A          3%          2    None
 Call Imp                 Summ           #####...     3%          2    None
 Ensorcelled Hibernation  Hex/Ice        #####.       3%          2    None
 Poisonous Vapours        Pois/Air       #####.       3%          2    None
 Shroud of Golubria       Chrm/Tloc      #####.       3%          2    None
 Slow                     Hex            #####...     3%          2    None
 Song of Slaying          Chrm           #####...     3%          2    None
 Spider Form              Tmut/Pois      #####.....   4%          3    None
 Gell's Gravitas          Tloc           #####.....   6%          3    None
 Lesser Beckoning         Tloc           #####.....   6%          3    None
 Teleport Other           Tloc           #####...     6%          3    None
 Call Canine Familiar     Summ           #####...     7%          3    None
 Frozen Ramparts          Ice            #####.       7%          3    None
 Ozocubu's Armour         Chrm/Ice       #####...     7%          3    None
 Portal Projectile        Hex/Tloc       #####.       7%          3    None
 Recall                   Summ/Tloc      N/A          7%          3    None
 Spectral Weapon          Hex/Chrm       #####...     7%          3    None
 Summon Guardian Golem    Hex/Summ       #####...     7%          3    None
 Ice Form                 Ice/Tmut       #####...     16%         4    None
 Passage of Golubria      Tloc           N/A          21%         4    None
 Cause Fear               Hex            #####.....   22%         4    None
 Olgreb's Toxic Radiance  Pois           #####...     22%         4    None
 Summon Ice Beast         Ice/Summ       #####...     22%         4    None
 Summon Lightning Spire   Summ/Air       #####...     22%         4    None
 Bolt of Magma            Conj/Fire/Erth ########..   0%          5    None
 Fireball                 Conj/Fire      ########..   0%          5    None
 Agony                    Necr           ########     1%          5    None
 Irradiate                Conj/Tmut      ########..   1%          5    None
 Iskenderun's Battlesphe  Conj/Chrm      #######.     1%          5    None
 Conjure Ball Lightning   Conj/Air       #######...   1%          6    None
 Statue Form              Tmut/Erth      ########.    1%          6    None
 Excruciating Wounds      Chrm/Necr      #######...   3%          5    None
 Spellforged Servitor     Conj/Summ      #######...   8%          7    None
 Freezing Cloud           Conj/Ice/Air   #######...   9%          6    None
 Blade Hands              Tmut           ######....   28%         5    None
 Borgnjor's Revivificati  Necr           ########..   30%         8    ##.....
 Infestation              Necr           ########..   30%         8    ##.....
 Ignition                 Fire           ########..   36%         8    ##.....
 Alistair's Intoxication  Tmut/Pois      #####...     38%         5    None
 Yara's Violent Unravell  Hex/Tmut       #####.....   38%         5    None
 Summon Forest            Summ/Tloc      #####.....   52%         5    None
 Chain Lightning          Conj/Air       #######...   52%         8    ##.....
 Aura of Abjuration       Summ           #####.....   54%         5    None
 Silence                  Hex/Air        #####.....   54%         5    None
 Summon Demon             Summ           #####.....   54%         5    None
 Summon Mana Viper        Hex/Summ       #####...     54%         5    None
 Haunt                    Necr/Summ      #######...   65%         7    None
 Ring of Flames           Chrm/Fire      #######...   69%         7    None
 Hydra Form               Tmut           ######....   83%         6    None
 Eringya's Noxious Bog    Tmut/Pois      #####.....   93%         6    None
 Darkness                 Hex            #####.....   98%         6    None
 Deflect Missiles         Chrm/Air       #####.....   98%         6    None
 Ozocubu's Refrigeration  Ice            #####.....   98%         6    None
 Shadow Creatures         Summ           N/A          98%         6    None
 Dragon Form              Tmut           ######....   100%        7    None
 Malign Gateway           Summ/Tloc      #####.....   100%        7    None
 Summon Hydra             Summ           #####.....   100%        7    None
 Controlled Blink         Tloc           N/A          100%        8    ##.....
 Death's Door             Chrm/Necr      #######...   100%        8    ##.....
 Discord                  Hex            #####.....   100%        8    ##.....
 Absolute Zero            Ice            #####.....   100%        9    ####...
 Tornado                  Air            #####.....   100%        9    ####...


Dungeon Overview and Level Annotations

Branches:
Dungeon (15/15)            Temple (0/1) D:7            Lair (6/6) D:11
  Swamp (4/4) Lair:3        Snake (4/4) Lair:2        Slime (5/5) Lair:5
    Orc (2/2) D:9             Elf (3/3) Orc:2        Vaults (5/5) D:14
  Crypt (3/3) Vaults:3       Tomb (0/3) Crypt:3      Depths (5/5) D:15
    Zot (5/5) Depths:5      Sewer (visited)         Ossuary (visited)
 Bailey (visited)         Desolation (visited)

Altars:
Ashenzari
Cheibriados
Fedhas
Gozag
Hepliaklqana
Kikubaaqudgha
Makhleb
Nemelex Xobeh
Okawaru
Qazlal
Sif Muna
Trog
Uskayaw
Vehumet
Wu Jian
Xom
Beogh
Jiyva

Shops:
D:5 !   D:6 (   D:8 %   D:9 [   D:14 (   Orc:2 %}*=   Elf:1 *   Depths:1 }

Portals:
Hell: Depths:1 Depths:2 Depths:3 Depths:4 Depths:5
Abyss: Depths:3 Depths:4
Pandemonium: Depths:3 Depths:5

Annotations:
D:12 3 runed translucent doors, Glokmah's ghost, journeyman CeHu
Lair:6 3 runed translucent doors, tilp's ghost, journeyman DrIE
Snake:2 3 runed translucent doors, Zorot's ghost, adept OpVM
Slime:5 Royal Jelly
Orc:1 1 runed translucent door, Ocuacics's ghost, journeyman DsBe
Elf:2 5 runed translucent doors
Elf:3 1 runed translucent door, Dicoal's ghost, adept HaCK
Vaults:2 1 runed translucent door, Mennas; Saqet's ghost, veteran GnWz
Crypt:3 3 runed translucent doors, Najeo's ghost, adept GrFi; Nimomuku's ghost, adept GrFi; Wumefraa's ghost, veteran DsGl
Depths:3 Eshuzefe's ghost, veteran BaSu


Innate Abilities, Weirdness & Mutations

You possess an exceptional clarity of mind.
You have an increased reservoir of magic. (+10% MP)
Armour fits poorly on your pseudopods.
You expend magic power (3 MP) to strengthen your wands.
Your movements are slightly less encumbered by armour. (ER -2)


Message History

Press: ? - help, Shift-Dir - straight line, f - brown very ugly thing
Aim: a brown very ugly thing (moderately wounded)
You feel a surge of power!
The iron shot hits the brown very ugly thing!!!
The brown very ugly thing is almost dead.
The cyan very ugly thing gurgles horribly!
The brown very ugly thing engulfs you but does no damage.
The large abomination hits you!
* * * LOW HITPOINT WARNING * * *
You hit the brown very ugly thing. You crush the brown very ugly thing!!!
You kill the brown very ugly thing!
The green death gestures at you. The bolt of poison hits you!
You are poisoned.
* * * LOW HITPOINT WARNING * * *
The large abomination closely misses you.
The green death gestures at you. The bolt of poison hits you!!
You are lethally poisoned!
You die...

....##......##.
...............
......u............
.. ................
...................
...................
...................
#......##.@....#
##..2...##.X....#
........).(........
.......2.!.........
...................
...................
...................
...................
##......##.... .##


You could see a cyan very ugly thing, a green death and a large abomination.

Vanquished Creatures
  Mara (Snake:3)
  5 ancient liches
  6 orbs of fire
  A juggernaut (Depths:5)
  Sojobo (Depths:1)
  Bai Suzhen (Vaults:4)
  The ghost of Puagh the Warrior, a veteran TrFi of Makhleb (Elf:1)
  9 Killer Klowns
  A curse toe (Zot:2)
  Vashnia (Snake:3)
  Frederick (Depths:3)
  9 golden dragons
  2 profane servitors
  the Enchantress (Depths:3)
  2 pearl dragons (Zig:7)
  3 bone dragons
  4 electric golems
  14 tentacled monstrosities
  8 liches
  3 Hell Sentinels
  Jorgrun (Orc:2)
  A quicksilver dragon (shapeshifter) (Depths:4)
  Asterion (Snake:4)
  A deep elf master archer (Elf:3)
  A titan (shapeshifter) (Depths:4)
  A deep elf blademaster (Elf:3)
  4 titans
  25 Orb Guardians (Zot:5)
  13 quicksilver dragons
  10 tentacled starspawn
  5 death cobs
  2 sphinxes (shapeshifter)
  8 sphinxes
  17 acid blobs
  3 ancient champions
  3 thorn hunters
  10 draconian monks
  15 shadow dragons
  11 tengu reavers
  6 revenants
  19 storm dragons
  8 azure jellies
  6 nagarajas
  An iron dragon (Vaults:5)
  A daeva (Zig:7)
  8 frost giants
  14 vault wardens
  8 fire giants
  6 draconian knights
  4 cacodemons
  A frost giant (shapeshifter) (Depths:4)
  Louise (D:15)
  2 balrugs (Abyss:3)
  2 imperial myrmidons (Desolation)
  3 curse skulls
  A ghost moth (Zot:3)
  6 deep elf sorcerers
  8 draconian scorchers
  2 orc warlords
  8 draconian stormcallers
  5 deep elf elementalists (Elf:3)
  3 spriggan defenders
  3 reapers
  18 ironheart preservers
  7 ghouls
  5 draconian annihilators
  7 draconian shifters
  25 stone giants
  51 very ugly things
  3 ophanim (Zig:7)
  A stone giant (shapeshifter) (Zig:8)
  4 war gargoyles
  15 green draconians
  23 vampire knights
  An entropy weaver (Vaults:3)
  15 black draconians
  9 deep elf demonologists
  2 halazid warlocks (Desolation)
  15 purple draconians
  7 deep elf annihilators
  11 yellow draconians
  3 lorocyprocas (Abyss:3)
  12 white draconians
  8 spark wasps
  2 dire elephants (shapeshifter)
  12 red draconians
  3 merfolk javelineers (Zig:6)
  3 blizzard demons
  16 ettins
  Snorg (D:11)
  4 green deaths
  10 eidola
  7 deep elf high priests
  18 fire dragons
  A death ooze (Slime:3)
  11 jiangshi
  16 crystal guardians
  9 great orbs of eyes
  17 yaktaur captains
  10 deep elf death magi
  2 great orbs of eyes (shapeshifter)
  3 servants of whispers (Desolation)
  14 ice dragons
  32 vault guards
  15 hydras
  10 peacekeepers (Desolation)
  12 ragged hierophants (Desolation)
  2 shambling mangroves
  8 rakshasas
  5 spriggan air magi
  Erica (D:8)
  2 quicksilver dragon skeletons
  14 centaur warriors
  A ghost crab (Swamp:4)
  2 anacondas (shapeshifter)
  48 two-headed ogres
  2 two-headed ogres (shapeshifter)
  10 naga warriors
  A death yak (shapeshifter) (Zig:8)
  9 alligators
  A satyr (shapeshifter) (Depths:4)
  8 death knights
  An alligator (shapeshifter) (Zig:10)
  29 dancing weapons
  7 anacondas
  4 hell hogs
  An alligator snapping turtle (shapeshifter) (Zig:14)
  6 deep troll earth magi
  10 tengu warriors
  21 ogre magi
  12 deep troll shamans
  A shock serpent (shapeshifter) (Depths:2)
  Urug (D:14)
  9 death yaks
  15 naga sharpshooters
  A storm dragon zombie (Crypt:1)
  11 hell knights
  7 spriggan berserkers
  28 thrashing horrors
  2 soul eaters (Crypt:3)
  6 spriggans
  An iron golem (Depths:4)
  A titan skeleton (Crypt:3)
  5 shock serpents
  5 orc high priests
  25 deep elf knights
  7 vampire magi
  45 skeletal warriors
  5 iron trolls
  3 sun demons
  16 sea snakes
  11 wretched stars
  A death drake (shapeshifter) (Depths:4)
  4 shadow wraiths
  7 flayed ghosts
  A storm dragon skeleton (Depths:1)
  7 unseen horrors
  2 sixfirhies (Abyss:3)
  4 spatial maelstroms
  A quicksilver dragon simulacrum (Abyss:3)
  12 glowing orange brains
  An anaconda zombie (Crypt:1)
  2 cherubim (Zig:7)
  A ghost moth zombie (Crypt:1)
  An unseen horror (shapeshifter) (Elf:1)
  31 deep trolls
  4 death drakes
  3 obsidian statues (Depths:4)
  An infernal demonspawn (Depths:3)
  28 starcursed masses
  8 wizards
  10 swamp dragons
  35 ironbrand convokers
  A tengu zombie (Depths:1)
  20 deep elf archers
  4 lindwurms (Depths:5)
  29 phantasmal warriors
  3 naga ritualists
  9 necromancers
  2 shadow dragon zombies
  10 harpies
  A wolf spider zombie (D:15)
  An orange crystal statue (Zot:4)
  A lindwurm (shapeshifter) (Vaults:5)
  56 deep elf magi
  2 iron dragon zombies
  A harpy (shapeshifter) (Vaults:4)
  11 mana vipers
  88 ugly things
  14 orc knights
  10 salamanders
  A mana viper (shapeshifter) (Zig:8)
  A shadow dragon skeleton (Abyss:3)
  6 orc sorcerers
  4 wolf spiders
  2 manticores (shapeshifter)
  6 shining eyes
  A stone giant zombie (Vaults:4)
  An orb spider (Abyss:3)
  6 cyclopes
  A frost giant zombie (Crypt:3)
  3 fauns (shapeshifter)
  2 elephants (Lair:6)
  2 elephants (shapeshifter)
  5 manticores
  26 black mambas
  A frost giant skeleton (Depths:1)
  A tengu skeleton (Vaults:3)
  9 worldbinders (Abyss:3)
  2 moths of wrath (shapeshifter)
  2 fire giant skeletons
  35 moths of wrath
  A rust devil (Depths:3)
  3 molten gargoyles (Depths:4)
  A stone giant skeleton (Vaults:4)
  7 apocalypse crabs
  15 naga magi
  12 vault sentinels
  A dire elephant zombie (Crypt:3)
  18 guardian serpents
  3 eyes of devastation
  3 gargoyles
  2 water nymphs (Zig:6)
  45 large abominations
  5 orange demons
  2 hellions (Abyss:3)
  18 smoke demons
  An emperor scorpion zombie (Crypt:3)
  23 spiny frogs
  A spiny frog (shapeshifter) (Elf:1)
  A pale draconian zombie (Crypt:2)
  A dire elephant skeleton (Abyss:3)
  9 komodo dragons
  A tormentor (Abyss:3)
  A storm dragon simulacrum (Vaults:1)
  7 rime drakes
  An efreet (Abyss:3)
  15 freezing wraiths
  48 yaktaurs
  A yaktaur (shapeshifter) (Vaults:4)
  A redback zombie (Crypt:1)
  8 tengu conjurers
  14 ancient zymes
  3 guardian mummies (Zig:2)
  A pale draconian skeleton (Crypt:2)
  3 demonic crawlers
  A human skeleton (Vaults:3)
  A yellow draconian skeleton (Crypt:2)
  A queen ant zombie (Crypt:2)
  3 red devils
  A purple draconian skeleton (Crypt:1)
  7 trolls
  A hydra zombie (Crypt:3)
  A harpy zombie (Crypt:3)
  4 merfolk (Zig:6)
  4 hellwings
  2 trolls (shapeshifter)
  A wind drake (shapeshifter) (Elf:2)
  A jumping spider (shapeshifter) (Abyss:3)
  60 raiju
  2 polar bears (Lair:6)
  67 saltlings (Desolation)
  2 wind drakes
  7 hippogriffs
  8 tyrant leeches
  11 hornets
  A raiju (shapeshifter) (Vaults:4)
  A spriggan zombie (Depths:1)
  8 bog bodies
  A fire dragon zombie (Crypt:3)
  2 ettin zombies (Crypt:3)
  83 slime creatures
  19 blink frogs
  2 alligator zombies
  A hydra skeleton (Crypt:1)
  3 meliai zombies
  6 flying skulls
  9 shadows
  5 wyverns
  A black mamba zombie (Abyss:3)
  2 tarantellas (shapeshifter)
  18 wraiths
  A vampire (D:14)
  A redback (shapeshifter) (Depths:4)
  14 air elementals
  13 fire elementals
  10 ynoxinuls (Abyss:3)
  A fire dragon skeleton (Depths:1)
  17 water elementals
  A yak (shapeshifter) (Depths:4)
  5 basilisks
  11 fire bats (Abyss:3)
  A golden eye (Slime:5)
  51 yaks
  17 humans
  35 small abominations
  10 neqoxecs
  18 chaos spawn
  3 hogs (D:7)
  2 elf simulacra (Depths:1)
  4 hungry ghosts
  A yaktaur simulacrum (Vaults:3)
  17 vampire mosquitoes
  5 wargs
  Menkaure (D:5)
  A soldier ant (shapeshifter) (Vaults:2)
  9 insubstantial wisps
  A spatial vortex (Abyss:3)
  A deep troll zombie (Vaults:4)
  56 nagas
  A swamp worm (shapeshifter) (Elf:1)
  19 swamp worms
  15 water moccasins
  A spiny frog zombie (Crypt:1)
  An acid dragon (shapeshifter) (Depths:4)
  14 porcupines
  A floating eye (shapeshifter) (Depths:4)
  A hell hound (Abyss:3)
  An ice beast (shapeshifter) (Vaults:5)
  A manticore zombie (Crypt:3)
  71 orc warriors
  A torturous demonspawn skeleton (Crypt:3)
  A swamp dragon zombie (Abyss:3)
  A spiny frog skeleton (Crypt:1)
  14 swamp drakes
  An ice beast (D:6)
  4 sky beasts
  3 black bears
  7 necrophages
  2 snapping turtle zombies
  7 eyes of draining
  5 phantoms
  A tengu (shapeshifter) (Elf:1)
  22 centaurs
  A boggart (Vaults:2)
  57 ogres
  5 wolves (Lair:6)
  14 crocodiles
  A centaur (shapeshifter) (Vaults:5)
  2 crocodiles (shapeshifter)
  An elf zombie (Crypt:3)
  2 big kobolds
  21 bullfrogs
  11 earth elementals
  A glowing shapeshifter simulacrum (Depths:1)
  A salamander skeleton (Crypt:1)
  A wyvern skeleton (D:14)
  7 scorpions
  A snapping turtle simulacrum (Crypt:1)
  3 human simulacra
  12 killer bees
  12 wights
  5 electric eels
  3 howler monkeys
  7 crimson imps
  7 bullfrog zombies
  6 centaur zombies
  2 lava snakes (D:7)
  A human zombie (Crypt:3)
  38 orc priests
  8 hounds
  5 jellies
  Crazy Yiuf (D:3)
  9 quasits
  A gnoll shaman (D:8)
  2 iron imps
  28 orc wizards
  4 bullfrog skeletons
  5 centaur skeletons
  11 iguanas
  Terence (D:3)
  A worker ant (shapeshifter) (Vaults:5)
  11 worker ants
  3 hound zombies
  A sky beast zombie (Crypt:2)
  15 mummies
  2 howler monkey zombies
  Robin (D:3)
  A howler monkey skeleton (D:6)
  4 worker ant zombies
  12 adders
  A gnoll (shapeshifter) (Vaults:3)
  13 gnolls
  5 shadow imps
  5 white imps
  5 ufetubi
  3 oozes
  2 adder zombies (Ossuary)
  3 adder skeletons (D:4)
  7 worms
  16 ball lightnings
  A barachi skeleton (Crypt:1)
  A barachi zombie (Crypt:3)
  3 dart slugs
  10 leopard geckos
  166 orcs
  3 ball pythons (Sewer)
  A bat zombie (Crypt:2)
  13 giant cockroaches
  19 goblins
  14 hobgoblins
  6 jackals (D:5)
  A jackal (shapeshifter) (Elf:1)
  4 quokkas
  15 bats
  14 frilled lizards
  A frilled lizard zombie (Crypt:1)
  A giant cockroach zombie (D:6)
  A gnoll skeleton (Crypt:1)
  A jackal zombie (Ossuary)
  11 kobolds
  A leopard gecko skeleton (D:5)
  3 leopard gecko zombies (Ossuary)
  An orc skeleton (Crypt:1)
  An orc zombie (Crypt:1)
  3 quokka zombies
  8 rats
  A fire vortex (Zot:3)
  A fungus (Lair:5)
  2 lurking horrors (Abyss:3)
  A pillar of salt (Elf:1)
  7 plants
  8 starspawn tentacles
3612 creatures vanquished.

Vanquished Creatures (collateral kills)
  A curse toe (Zot:4)
  A two-headed ogre (Vaults:2)
  A black mamba (Snake:3)
  2 elephants (Lair:6)
  A yaktaur (Vaults:5)
  An acid dragon (Lair:6)
7 creatures vanquished.

Vanquished Creatures (others)
  Mara (Snake:3)
  A draconian knight (Zot:4)
  A very ugly thing (Zig:14)
  A great orb of eyes (shapeshifter) (Abyss:3)
  2 thrashing horrors (Abyss:3)
  A hell knight (Depths:5)
  6 glowing orange brains (Abyss:3)
  A shining eye (Abyss:3)
  A moth of wrath (shapeshifter) (Abyss:3)
  An eye of devastation (Abyss:3)
  2 smoke demons (Abyss:3)
  A freezing wraith (Abyss:3)
  A tyrant leech (shapeshifter) (Abyss:3)
  A hippogriff (shapeshifter) (Abyss:3)
  2 raiju (Abyss:3)
  A redback (shapeshifter) (Abyss:3)
  A flying skull (Abyss:3)
  A ynoxinul (Abyss:3)
  A water elemental (Depths:4)
  4 golden eyes
  2 neqoxecs
  A floating eye (Abyss:3)
  An orc warrior (Orc:2)
  A phantom (D:6)
  A large abomination (Abyss:3)
  A sky beast (Abyss:3)
  5 eyes of draining (Abyss:3)
  A small abomination (Abyss:3)
  A crimson imp (Abyss:3)
  2 bullfrog zombies (Ossuary)
  2 quasits (Abyss:3)
  132 jellies
  A human simulacrum (Abyss:3)
  A mummy (Ossuary)
  An ooze (Abyss:3)
  6 ufetubi (Abyss:3)
  2 oozes (shapeshifter) (D:12)
  3 ball lightnings (Zot:3)
  A giant cockroach zombie (Ossuary)
  22 fungi
  2 pillars of salt (Elf:1)
  42 plants
  26 starspawn tentacles
  2 withered plants (Ossuary)
290 creatures vanquished.

Grand Total: 3909 creatures vanquished

Notes
Turn   | Place    | Note
-------+----------+-------------------------------------------
     0 | D:1      | Inarius the Human Earth Elementalist began the quest for
                  | the Orb.
     0 | D:1      | Reached XP level 1. HP: 13/13 MP: 3/3
   381 | D:2      | Reached XP level 2. HP: 19/19 MP: 3/5
   557 | D:1      | Reached XP level 3. HP: 23/24 MP: 3/6
   842 | D:1      | Learned a level 3 spell: Stone Arrow
  1819 | D:2      | Reached XP level 4. HP: 28/30 MP: 7/7
  2408 | D:3      | Found an opulent altar of Gozag.
  3252 | D:3      | Reached XP level 5. HP: 29/35 MP: 9/9
  3269 | D:3      | Noticed Terence
  3276 | D:3      | Killed Terence
  3276 | D:3      | Reached skill level 1 in Armour
  3346 | D:3      | Found a shimmering blue altar of Sif Muna.
  3387 | D:3      | Found a bloodstained altar of Trog.
  3541 | D:3      | Noticed Robin
  3570 | D:3      | Killed Robin
  3830 | D:3      | Found a stormy altar of Qazlal.
  4250 | D:2      | Reached XP level 6. HP: 39/41 MP: 6/10
  4318 | D:3      | Reached skill level 1 in Short Blades
  4372 | D:3      | Found a runed translucent door.
  4373 | D:3      | Noticed Crazy Yiuf
  4384 | D:3      | Killed Crazy Yiuf
  4608 | D:3      | Found a shattered altar of Ashenzari.
  4869 | D:4      | Found a glowing drain.
  4899 | Sewer    | Entered a sewer
  5148 | Sewer    | Reached skill level 1 in Fighting
  5148 | Sewer    | Reached skill level 1 in Staves
  5148 | Sewer    | Reached skill level 1 in Conjurations
  5148 | Sewer    | Reached XP level 7. HP: 20/48 MP: 12/12
  5536 | D:4      | Reached skill level 5 in Earth Magic
  5581 | D:4      | Learned a level 4 spell: Petrify
  5587 | D:4      | Learned a level 5 spell: Lee's Rapid Deconstruction
  5823 | D:4      | Reached XP level 8. HP: 44/55 MP: 12/14
  6092 | D:4      | Found a blossoming altar of Fedhas.
  6846 | D:5      | Entered Level 5 of the Dungeon
  7348 | D:5      | Reached skill level 5 in Spellcasting
  7348 | D:5      | Reached XP level 9. HP: 34/62 MP: 16/16
  7917 | D:5      | Noticed Menkaure
  7922 | D:5      | Killed Menkaure
  8053 | D:5      | Found Jeump's Distillery.
  8072 | D:5      | Bought a potion of degeneration for 14 gold pieces
  8073 | D:5      | Bought a potion of lignification for 42 gold pieces
  8386 | D:6      | Found Xerus's Antique Weapon Emporium.
  8524 | D:6      | Found a radiant altar of Vehumet.
  8673 | D:6      | Became a worshipper of Vehumet
  8907 | D:7      | Reached skill level 1 in Evocations
  9117 | D:7      | Noticed a hornet
  9120 | D:7      | Found a sand-covered staircase.
  9163 | Ossuary  | Entered an ossuary
  9442 | Ossuary  | Reached * piety under Vehumet
  9442 | Ossuary  | Offered knowledge of Foxfire by Vehumet.
  9492 | Ossuary  | Reached XP level 10. HP: 34/70 MP: 6/19
  9849 | D:7      | Reached skill level 5 in Dodging
 10645 | D:6      | Offered knowledge of Searing Ray by Vehumet.
 10839 | D:7      | Reached ** piety under Vehumet
 10930 | D:7      | Found an iron altar of Okawaru.
 10931 | D:7      | Found a snail-covered altar of Cheibriados.
 11160 | D:7      | Found a shimmering altar of Xom.
 11163 | D:7      | Found a shimmering altar of Xom.
 11163 | D:7      | Found a shimmering altar of Xom.
 11163 | D:7      | Found a shimmering altar of Xom.
 11164 | D:7      | Found a shimmering altar of Xom.
 11164 | D:7      | Found a shimmering altar of Xom.
 11164 | D:7      | Found a shimmering altar of Xom.
 11164 | D:7      | Found a shimmering altar of Xom.
 11172 | D:7      | Found a staircase to the Ecumenical Temple.
 11185 | D:7      | Found an ancient bone altar of Kikubaaqudgha.
 11637 | D:8      | Noticed Erica
 11762 | D:8      | Killed Erica
 11762 | D:8      | Reached XP level 11. HP: 78/78 MP: 21/21
 11795 | D:8      | Found an ornate altar of the Wu Jian Council.
 11801 | D:8      | Found a sparkling altar of Nemelex Xobeh.
 11801 | D:8      | Found a hide-covered altar of Uskayaw.
 12549 | D:8      | Found Giog's Food Emporium.
 12685 | D:8      | Offered knowledge of Frozen Ramparts by Vehumet.
 12850 | D:8      | Reached *** piety under Vehumet
 13089 | D:9      | Reached skill level 5 in Evocations
 13121 | D:9      | Got a twisted dagger
 13122 | D:9      | Identified the +6 dagger of Propriety {antimagic, Int+5}
                  | (You found it on level 9 of the Dungeon)
 13172 | D:9      | Offered knowledge of Olgreb's Toxic Radiance by Vehumet.
 13443 | D:9      | Found a staircase to the Orcish Mines.
 13530 | D:9      | Reached skill level 5 in Fighting
 13555 | D:9      | Found a roughly hewn altar of Beogh.
 13710 | D:9      | Found Ryjet's Armour Shop.
 14068 | D:10     | Entered Level 10 of the Dungeon
 14263 | D:10     | Reached **** piety under Vehumet
 14289 | D:10     | Found a roughly hewn altar of Beogh.
 14310 | D:10     | Found a flagged portal.
 14427 | Bailey   | Entered a bailey
 14541 | Bailey   | Offered knowledge of Irradiate by Vehumet.
 14541 | Bailey   | Reached skill level 10 in Earth Magic
 14769 | Bailey   | Noticed an orc knight
 14774 | Bailey   | Noticed an orc knight
 14784 | Bailey   | Killed an orc knight
 14809 | Bailey   | Killed an orc knight
 14845 | Bailey   | Noticed an orc knight
 15129 | Bailey   | Killed an orc knight
 15679 | D:10     | Reached XP level 12. HP: 81/86 MP: 3/23
 15730 | D:10     | Found a burning altar of Makhleb.
 15792 | D:10     | Reached ***** piety under Vehumet
 16112 | D:11     | Noticed a five-headed hydra
 16246 | D:11     | Offered knowledge of Sticky Flame by Vehumet.
 16427 | D:11     | Noticed Snorg
 16433 | D:11     | Killed Snorg
 16771 | D:11     | Killed a five-headed hydra
 16871 | D:11     | Found a staircase to the Lair.
 16914 | D:11     | Noticed a two-headed ogre
 16924 | D:11     | Killed a two-headed ogre
 17329 | Lair:1   | Entered Level 1 of the Lair of Beasts
 17381 | Lair:1   | Reached skill level 5 in Conjurations
 17393 | Lair:1   | Reached skill level 5 in Armour
 17967 | Lair:1   | Reached XP level 13. HP: 83/92 MP: 14/26
 18337 | Lair:2   | Noticed a five-headed hydra
 18366 | Lair:2   | Killed a five-headed hydra
 18425 | Lair:2   | Found a gate leading to a gauntlet.
 18650 | Lair:2   | Found a staircase to the Snake Pit.
 19477 | Lair:3   | Noticed an eight-headed hydra
 19803 | Lair:3   | Reached skill level 1 in Shields
 19920 | Lair:3   | Noticed a six-headed hydra
 20150 | Lair:3   | Noticed a seven-headed hydra
 20303 | Lair:3   | Found a staircase to the Swamp.
 20447 | Lair:3   | Identified a scroll of acquirement
 20448 | Lair:3   | Identified the +2 helmet of Laoriem {+Fly rPois rN++ MR-}
                  | (You acquired it on level 3 of the Lair of Beasts)
 20625 | Lair:3   | Killed an eight-headed hydra
 20625 | Lair:3   | Offered knowledge of Bolt of Magma by Vehumet.
 20632 | Lair:3   | Learned a level 5 spell: Bolt of Magma
 20732 | Lair:3   | Reached skill level 10 in Spellcasting
 21193 | Lair:3   | Killed a seven-headed hydra
 21300 | Lair:4   | Reached XP level 14. HP: 68/99 MP: 6/28
 21678 | Lair:4   | Reached skill level 5 in Short Blades
 22665 | Lair:5   | Found a staircase to the Slime Pits.
 23115 | Lair:5   | Noticed Nessos
 23126 | Lair:5   | HP: 3/100 [Nessos/arrow (9)]
 23276 | Lair:5   | Noticed Nessos
 23276 | Lair:5   | Nessos changed into Nessos the salamander
 23277 | Lair:5   | Noticed Nessos
 23277 | Lair:5   | Nessos the salamander changed into Nessos the black bear
 23285 | Lair:5   | Killed Nessos the black bear
 23528 | Lair:6   | Entered Level 6 of the Lair of Beasts
 24056 | Lair:6   | Offered knowledge of Lightning Bolt by Vehumet.
 25364 | Lair:6   | Found a runed translucent gate.
 25365 | Lair:6   | Found a runed translucent gate.
 25366 | Lair:6   | Found a runed translucent gate.
 25366 | Lair:6   | Noticed tilp's ghost (journeyman DrIE)
 25643 | Lair:6   | Reached XP level 15. HP: 76/105 MP: 24/30
 26041 | Lair:6   | Got a dazzling arbalest
 26398 | D:9      | Bought the +0 mask of the Dragon {MR+ Slay+3 SInv} for 467
                  | gold pieces
 26398 | D:9      | Found the +0 mask of the Dragon {MR+ Slay+3 SInv}
 26435 | Orc:1    | Entered Level 1 of the Orcish Mines
 26570 | Orc:1    | Found a runed translucent door.
 26570 | Orc:1    | Found a shimmering altar of Xom.
 26570 | Orc:1    | Noticed Ocuacics's ghost (journeyman DsBe)
 26771 | Orc:1    | Noticed an orc warlord
 26979 | D:9      | Killed an orc warlord
 27928 | Orc:1    | Found a roughly hewn altar of Beogh.
 28208 | Orc:2    | Entered Level 2 of the Orcish Mines
 28549 | Orc:2    | Offered knowledge of Iron Shot by Vehumet.
 29565 | Orc:2    | Found a staircase to the Elven Halls.
 29827 | Orc:2    | Reached skill level 15 in Earth Magic
 29892 | Orc:2    | Noticed an orc warlord
 29929 | Orc:2    | Killed an orc warlord
 30195 | Orc:2    | Found a roughly hewn altar of Beogh.
 30354 | Orc:2    | Found Ypnotsot's Gadget Boutique.
 30637 | Orc:2    | Found Huthelyili's Food Emporium.
 30988 | Orc:2    | Offered knowledge of Orb of Destruction by Vehumet.
 31014 | Orc:1    | Noticed Jorgrun
 31044 | Orc:2    | Learned a level 7 spell: Orb of Destruction
 31186 | Orc:2    | Found Emiuwk's Jewellery Boutique.
 31221 | Orc:2    | Bought the amulet of Buatet Unug {RegenMP rN+ Dex+2} for
                  | 499 gold pieces
 31248 | Orc:2    | Found Varoas's Assorted Antiques.
 31553 | Orc:2    | Found a roughly hewn altar of Beogh.
 31633 | Orc:2    | Bought a scroll of identify for 72 gold pieces
 31633 | Orc:2    | Bought a bubbling ruby potion for 32 gold pieces
 31633 | Orc:2    | Bought a scroll labeled BOUMPIDO KOEN for 36 gold pieces
 31633 | Orc:2    | Bought a pair of boots for 162 gold pieces
 31639 | Orc:2    | Reached XP level 16. HP: 112/112 MP: 30/32
 31904 | Orc:2    | Killed Jorgrun
 32615 | D:12     | Reached XP level 17. HP: 79/118 MP: 9/33
 32676 | D:12     | Reached skill level 1 in Fire Magic
 33774 | D:12     | Found a runed translucent gate.
 33776 | D:12     | Found a runed translucent gate.
 33777 | D:12     | Found a runed translucent gate.
 33789 | D:12     | Offered knowledge of Starburst by Vehumet.
 34125 | D:12     | Found a runed translucent gate.
 34125 | D:12     | Found a runed translucent gate.
 34131 | D:12     | Found a runed translucent gate.
 34131 | D:12     | Noticed Glokmah's ghost (journeyman CeHu)
 34292 | D:12     | Reached skill level 10 in Conjurations
 34543 | D:13     | Learned a level 6 spell: Starburst
 34696 | D:13     | You fall into a shaft and drop 2 floors!
 34696 | D:15     | Entered Level 15 of the Dungeon
 35331 | D:14     | Found a gate to the Vaults.
 35331 | D:14     | Noticed Urug
 35783 | D:14     | Reached ****** piety under Vehumet
 35839 | D:14     | Killed Urug
 35923 | D:14     | Found Japnoorr's Antique Weapon Emporium.
 36373 | D:14     | Offered knowledge of Ozocubu's Refrigeration by Vehumet.
 36559 | D:14     | Upgraded the game from 0.25-a0-707-g603da076d2 to
                  | 0.25-a0-713-g4845790874
 36749 | D:15     | Found a staircase to the Depths.
 37099 | D:15     | Noticed Louise
 37119 | D:15     | Reached XP level 18. HP: 108/127 MP: 19/34
 37121 | D:15     | Cast into level 3 of the Abyss (Louise)
 37156 | Abyss:3  | Noticed a bone dragon
 37311 | D:15     | Escaped the Abyss
 37317 | D:15     | Killed Louise
 37493 | D:15     | Reached skill level 5 in Shields
 37493 | D:15     | Reached XP level 19. HP: 132/132 MP: 35/35
 37924 | Swamp:1  | Entered Level 1 of the Swamp
 40246 | Swamp:3  | Offered knowledge of Lehudib's Crystal Spear by Vehumet.
 40246 | Swamp:3  | Offered knowledge of Fire Storm by Vehumet.
 40246 | Swamp:3  | Offered knowledge of Shatter by Vehumet.
 40256 | Swamp:3  | Learned a level 8 spell: Lehudib's Crystal Spear
 40524 | Swamp:4  | Entered Level 4 of the Swamp
 41247 | Swamp:4  | Noticed a tentacled monstrosity
 41300 | Swamp:4  | Killed a tentacled monstrosity
 41665 | Swamp:4  | Reached XP level 20. HP: 139/139 MP: 15/38
 41743 | Swamp:4  | Got a decaying rune of Zot
 42198 | Vaults:1 | Entered Level 1 of the Vaults
 42797 | Elf:1    | Entered Level 1 of the Elven Halls
 42810 | Elf:1    | Reached skill level 15 in Spellcasting
 42887 | Elf:1    | Found a ruined gateway.
 42917 | Elf:1    | Found Cuphubug's Assorted Antiques.
 42933 | Desolati | Entered the Desolation of Salt
 43622 | Desolati | Identified Apipooto's Reference Book on Aid
 43639 | Desolati | Learned a level 9 spell: Shatter
 43856 | Desolati | Reached XP level 21. HP: 125/144 MP: 28/41
 44053 | Desolati | Found the +8 lance "Wyrmbane" {slay drac, rPois rF+ rC+
                  | AC+3}
 44057 | Desolati | Got a fine crystal amulet
 44058 | Desolati | Identified the amulet "Kojynyraym" {Inacc SInv} (You found
                  | it in the Desolation of Salt)
 44114 | Desolati | Found the +3 giant club "Skullcrusher" {speed, Str+7}
 44131 | Desolati | Got an ichor-stained plate armour
 44133 | Desolati | Identified the +0 plate armour of Rationality {rElec rF-
                  | Str-4 Int+3} (You found it in the Desolation of Salt)
 44450 | Elf:1    | Identified the +2 robe of Twilight {Int+4}
 44510 | Elf:1    | Found a transporter.
 44616 | Elf:1    | Noticed Puagh's ghost (veteran TrFi)
 44623 | Elf:1    | Found a transporter.
 45399 | Elf:2    | Identified the Tome of the Oath and Poisoning
 46146 | Elf:2    | Found a huge runed translucent gate.
 46148 | Elf:2    | Found a huge runed translucent gate.
 46151 | Elf:2    | Found a huge runed translucent gate.
 46152 | Elf:2    | Found a huge runed translucent gate.
 46152 | Elf:2    | Found a huge runed translucent gate.
 46436 | Elf:3    | Entered Level 3 of the Elven Halls
 46566 | Elf:3    | Found a runed translucent door.
 46571 | Elf:3    | Noticed Dicoal's ghost (adept HaCK)
 47327 | Elf:3    | Reached XP level 22. HP: 141/151 MP: 36/44
 47332 | Elf:3    | Identified the ring "Iczel" {rElec MR+ Int+2 Dex-4 SInv}
 47338 | Elf:3    | Identified the ring of Nicveuro {+Fly rF+ Dex+2}
 47872 | Elf:3    | Identified the Grimoire of the Assistive Compass
 47982 | Elf:3    | Identified the +9 chain mail of Purpose {rC+ MP+9} (You
                  | found it on level 3 of the Elven Halls)
 48476 | Elf:1    | Killed Puagh's ghost
 48502 | Elf:1    | Identified the cursed ring "Firhaj" {EV-2 Str+4} (You found
                  | it on level 1 of the Elven Halls)
 48780 | Snake:1  | Entered Level 1 of the Snake Pit
 49321 | Snake:1  | You fall into a shaft and drop 1 floor!
 49784 | Snake:1  | You fall into a shaft and drop 1 floor!
 50033 | Snake:2  | Noticed Zorot's ghost (adept OpVM)
 50034 | Snake:2  | Found a runed translucent gate.
 50034 | Snake:2  | Found a runed translucent gate.
 50035 | Snake:2  | Found a runed translucent gate.
 50538 | Snake:2  | Found a radiant altar of Vehumet.
 51113 | Snake:3  | Noticed Vashnia
 51154 | Snake:3  | Noticed Mara
 51157 | Snake:3  | Noticed Inarius's illusion
 51449 | Snake:3  | Killed Vashnia
 51693 | Snake:3  | Your ally died
 51698 | Snake:3  | Killed Mara
 52015 | Snake:3  | Reached XP level 23. HP: 156/156 MP: 29/46
 52212 | Snake:3  | Found an opulent altar of Gozag.
 52221 | Snake:3  | Learned a level 5 spell: Borgnjor's Vile Clutch
 52630 | Snake:4  | Entered Level 4 of the Snake Pit
 52688 | Snake:4  | Found a hazy altar of Hepliaklqana.
 52925 | Snake:4  | Reached skill level 1 in Necromancy
 53553 | Snake:4  | Got a serpentine rune of Zot
 54254 | Snake:4  | Noticed Asterion
 54266 | Snake:4  | Killed Asterion
 55921 | Vaults:2 | Noticed Mennas
 56678 | Vaults:2 | Reached XP level 24. HP: 157/163 MP: 39/47
 56749 | Vaults:2 | You fall into a shaft and drop 2 floors!
 56860 | Vaults:4 | Noticed Bai Suzhen
 56869 | Vaults:4 | Killed Bai Suzhen
 57102 | Vaults:4 | Reached skill level 15 in Conjurations
 57812 | Vaults:3 | Found a staircase to the Crypt.
 57844 | Vaults:3 | Reached skill level 1 in Polearms
 58477 | Vaults:3 | Identified the cursed +0 hat "Xivufil" {*Contam rC+ Stlth+}
                  | (You found it on level 3 of the Vaults)
 58483 | Vaults:3 | Found a radiant altar of Vehumet.
 58494 | Vaults:3 | Identified the +2 robe of Optimism {rPois Str+5} (You found
                  | it on level 3 of the Vaults)
 58496 | Vaults:3 | Identified the +1 robe of Neona {rC+} (You found it on
                  | level 3 of the Vaults)
 58510 | Vaults:3 | Identified the +1 hat of Hubris {Int+2} (You found it on
                  | level 3 of the Vaults)
 59106 | Vaults:2 | Reached XP level 25. HP: 168/168 MP: 19/48
 59375 | Vaults:2 | Found a runed translucent door.
 59377 | Vaults:2 | Noticed Saqet's ghost (veteran GnWz)
 59572 | Vaults:2 | Found the +3 pair of gauntlets of War {Slay+5}
 61576 | Depths:1 | Entered Level 1 of the Depths
 61576 | Depths:1 | Noticed Sojobo
 61591 | Depths:1 | Killed Sojobo
 62299 | Depths:1 | Learned a level 6 spell: Iron Shot
 62356 | Depths:1 | Found Teirphas's Gadget Emporium.
 62364 | Depths:1 | Bought a wand of acid (7) for 264 gold pieces
 62408 | Depths:1 | Found a gateway to Hell.
 62597 | Depths:1 | Identified the +8 chain mail of Zin {+Fly rF- MR- Str+6}
                  | (You found it on level 1 of the Depths)
 62603 | Depths:1 | Reached skill level 10 in Evocations
 62613 | Depths:1 | Reached XP level 26. HP: 116/175 MP: 30/48
 63013 | Depths:1 | Identified the cursed +1 great mace "Uthraoca" {elec, Int+4
                  | Dex+5}
 63519 | Depths:1 | Upgraded the game from 0.25-a0-713-g4845790874 to
                  | 0.25-a0-719-gde951dce62
 64338 | Depths:2 | Found a gateway to a ziggurat.
 65804 | Depths:2 | Identified the +7 battleaxe of the Inquisitive Moons
                  | {vorpal, *Noise rC+++ Dex-3 Stlth+}
 66477 | Depths:3 | Noticed the Enchantress
 66482 | Depths:3 | Killed the Enchantress
 67183 | Depths:3 | Found a one-way gate leading to the halls of Pandemonium.
 67187 | Depths:3 | Reached XP level 27. HP: 180/180 MP: 24/48
 67350 | Depths:3 | Found a one-way gate to the infinite horrors of the Abyss.
 68141 | Depths:3 | Found a runed translucent gate.
 68141 | Depths:3 | Found a runed translucent gate.
 68141 | Depths:3 | Found a runed translucent gate.
 68142 | Depths:3 | Noticed Eshuzefe's ghost (veteran BaSu)
 68602 | Depths:3 | Identified the ring "Poacehorue" {rF+ Int+6 Dex-3} (You
                  | found it on level 3 of the Depths)
 68619 | Depths:3 | Identified the cursed +0 hat "Othraep" {+Blink Int+5} (You
                  | found it on level 3 of the Depths)
 68659 | Depths:3 | Noticed Frederick
 68667 | Depths:3 | Killed Frederick
 69408 | Depths:4 | Learned a level 1 spell: Apportation
 69448 | Depths:4 | You fall into a shaft and drop 1 floor!
 69448 | Depths:5 | Entered Level 5 of the Depths
 69448 | Depths:5 | Noticed a juggernaut
 69457 | Depths:5 | Killed a juggernaut
 69828 | Depths:4 | Noticed a juggernaut
 69831 | Depths:4 | a juggernaut changed into a titan
 69832 | Depths:4 | Noticed a juggernaut
 69832 | Depths:4 | a titan changed into a juggernaut
 69833 | Depths:4 | a juggernaut changed into a titan
 70348 | Depths:4 | Identified the Guide on the Snowflakes
 70989 | Depths:5 | Reached skill level 27 in Earth Magic
 71618 | Depths:5 | Found a gate to the Realm of Zot.
 72376 | Vaults:5 | Entered Level 5 of the Vaults
 72992 | Vaults:5 | Identified the ring "Baxtatafaup" {rF++ EV+1 Str+7 Dex-2}
 73893 | Vaults:5 | Identified the +4 battleaxe of the Neverending Deaths
                  | {drain, rF+ Int+4 SInv}
 74308 | Vaults:5 | Identified the +8 trident of Amortisation {antimagic, rN++}
 74539 | Vaults:5 | Identified the ring of Aguumeib {+Fly rElec rPois rF- Str+2
                  | Dex+3}
 74987 | Vaults:5 | Got a silver rune of Zot
 75068 | Vaults:5 | Identified Xautru Vuug's Incunabulum of Quantum Moulding
 75167 | Vaults:5 | Identified the +1 trident of Ucrac {drain, rC+ Int+3} (You
                  | found it on level 5 of the Vaults)
 75492 | Crypt:1  | Entered Level 1 of the Crypt
 76007 | Crypt:1  | Identified the cursed +2 falchion of the Evening {freeze,
                  | Fragile rC++ Dex+4}
 76946 | Crypt:2  | Reached skill level 5 in Necromancy
 77399 | Crypt:3  | Entered Level 3 of the Crypt
 77399 | Crypt:3  | Found a staircase to the Tomb.
 78167 | Crypt:3  | Identified the +6 longbow "Ciejiurph" {freeze, +Fly rC-
                  | Int+4}
 78167 | Crypt:3  | Identified the amulet of Mistrust {rF+ rC+ Regen+ MP+9
                  | Dex+4}
 78198 | Crypt:3  | Reached skill level 5 in Fire Magic
 78230 | Crypt:3  | HP: 5/180 [jiangshi[a vampire mage] (15)]
 78923 | Crypt:3  | Found a runed translucent gate.
 78923 | Crypt:3  | Found a runed translucent gate.
 78924 | Crypt:3  | Found a runed translucent gate.
 78936 | Crypt:3  | Noticed Wumefraa's ghost (veteran DsGl)
 78936 | Crypt:3  | Noticed Nimomuku's ghost (adept GrFi)
 78936 | Crypt:3  | Noticed Najeo's ghost (adept GrFi)
 78999 | Crypt:3  | Found an ancient bone altar of Kikubaaqudgha.
 79074 | Crypt:3  | Got a coiled glass ring
 79074 | Crypt:3  | Got a shimmering turquoise ring
 79075 | Crypt:3  | Identified Nuotroq's Tome of Flamy Moulding
 79083 | Crypt:3  | Identified the ring of Dithmenos's Favour {rN+ Int+9} (You
                  | found it on level 3 of the Crypt)
 79086 | Crypt:3  | Identified the ring of Ruategach {rN+ Int+7} (You found it
                  | on level 3 of the Crypt)
 79925 | Zig:1    | Entered Level 1 of a ziggurat
 79980 | Zig:2    | Entered Level 2 of a ziggurat
 79996 | Zig:3    | Entered Level 3 of a ziggurat
 80066 | Zig:4    | Entered Level 4 of a ziggurat
 80095 | Zig:4    | Identified the Handbook of Unstable Battle Magic
 80099 | Zig:4    | Identified Qeog's Grimoire of the Traveller
 80120 | Zig:5    | Entered Level 5 of a ziggurat
 80160 | Zig:5    | Learned a level 9 spell: Fire Storm
 80179 | Zig:6    | Entered Level 6 of a ziggurat
 80241 | Zig:7    | Entered Level 7 of a ziggurat
 80353 | Zig:7    | Identified the Incunabulum of Flying Companions
 80358 | Zig:7    | Identified the +5 spear of the Morning {speed, +Fly rC-
                  | Str+4 Stlth+} (You found it on level 7 of a ziggurat)
 80414 | Zig:8    | Entered Level 8 of a ziggurat
 80421 | Zig:8    | Noticed a Killer Klown
 80426 | Zig:8    | Killed a Killer Klown
 80454 | Zig:8    | Identified the +1 scale mail of Cuovaol {rF++ Str+3 Int-5}
                  | (You found it on level 8 of a ziggurat)
 80461 | Zig:9    | Entered Level 9 of a ziggurat
 80491 | Zig:9    | Identified Pikucs's Handbook of the Destructive Blaze
 80495 | Zig:9    | Identified the +1 cloak "Nunk" {+Inv rC- rN++ Dex+9} (You
                  | found it on level 9 of a ziggurat)
 80510 | Zig:10   | Entered Level 10 of a ziggurat
 80656 | Zig:11   | Entered Level 11 of a ziggurat
 80672 | Zig:11   | Found the cursed +14 obsidian axe {vorpal, +Fly SInv
                  | *Curse}
 80705 | Zig:11   | Identified the +1 ring mail of Intuition {*Contam rElec rF+
                  | Str+3} (You found it on level 11 of a ziggurat)
 80710 | Zig:12   | Entered Level 12 of a ziggurat
 80735 | Zig:12   | Found the +8 whip "Snakebite" {curare, rPois}
 80779 | Zig:12   | Got a sparkling glass ring
 80780 | Zig:12   | Identified the ring "Bipudaef" {Ice rN+ Dex+2 Stlth+} (You
                  | found it on level 12 of a ziggurat)
 80800 | Zig:13   | Entered Level 13 of a ziggurat
 80866 | Zig:13   | Identified the Guide on the Supportive Arsonist
 80998 | Zig:14   | Entered Level 14 of a ziggurat
 81013 | Zig:14   | Noticed Hoetug the pandemonium lord
 81013 | Zig:14   | Noticed a Killer Klown
 81013 | Zig:14   | Noticed Ehoihavo the pandemonium lord
 81013 | Zig:14   | Noticed Agilutt the pandemonium lord
 81014 | Zig:14   | Noticed Tuinnoas the pandemonium lord
 81014 | Zig:14   | Killed a Killer Klown
 81015 | Zig:14   | Noticed Vierroar the pandemonium lord
 81015 | Zig:14   | Noticed a Killer Klown
 81015 | Zig:14   | Noticed a Killer Klown
 81016 | Zig:14   | Noticed Utaupa the pandemonium lord
 81023 | Depths:2 | Killed a Killer Klown
 81023 | Depths:2 | Reached skill level 10 in Shields
 81330 | Slime:1  | Entered Level 1 of the Pits of Slime
 81835 | Slime:3  | Gained mutation: Scrolls take you a little longer to read.
                  | [a shining eye]
 81837 | Slime:3  | Lost mutation: Scrolls take you a little longer to read.
                  | [potion of mutation]
 81837 | Slime:3  | Gained mutation: You have supernaturally acute eyesight.
                  | (SInv) [potion of mutation]
 81837 | Slime:3  | Gained mutation: You are clumsy. (Dex -2) [potion of
                  | mutation]
 81837 | Slime:3  | Gained mutation: You have a pair of small horns on your
                  | head. [potion of mutation]
 82042 | Slime:5  | Entered Level 5 of the Pits of Slime
 82287 | Slime:5  | Reached skill level 10 in Dodging
 82543 | Slime:5  | Found a viscous altar of Jiyva.
 82555 | Slime:5  | Fell from the grace of Vehumet
 82555 | Slime:5  | Became a worshipper of Jiyva Jiyrgh the Shapeless
 83305 | Orc:2    | Reached * piety under Jiyva
 83317 | Orc:2    | Reached ** piety under Jiyva
 83331 | Orc:2    | Reached *** piety under Jiyva
 83333 | Orc:2    | Lost mutation: You have a pair of small horns on your head.
                  | [Jiyva's grace]
 83339 | Orc:2    | Reached **** piety under Jiyva
 83342 | Orc:2    | Gained mutation: Your muscles are strong. (Str +2) [Jiyva's
                  | grace]
 83352 | Orc:2    | Reached ***** piety under Jiyva
 83352 | Orc:2    | Lost mutation: You are clumsy. (Dex -2) [Jiyva's grace]
 83359 | Orc:2    | Gained mutation: You have sharp fingernails. [Jiyva's
                  | grace]
 83378 | Orc:2    | Lost mutation: Your muscles are strong. (Str +2) [Jiyva's
                  | grace]
 83417 | Orc:1    | Reached ****** piety under Jiyva
 83423 | Orc:1    | Gained mutation: You have a pair of small antennae on your
                  | head. [Jiyva's grace]
 83437 | Orc:1    | Lost mutation: You have sharp fingernails. [Jiyva's grace]
 83757 | Slime:5  | Noticed the Royal Jelly
 83760 | Slime:5  | Gained mutation: Armour fits poorly on your pseudopods.
                  | [Jiyva's grace]
 83779 | Slime:5  | Lost mutation: You have supernaturally acute eyesight.
                  | (SInv) [Jiyva's grace]
 83807 | Slime:5  | Gained mutation: Your translucent skin slightly reduces
                  | your foes' accuracy. (Stealth) [Jiyva's grace]
 83816 | Slime:5  | Got a slimy rune of Zot
 83818 | Slime:5  | Identified the +6 scale mail of the Special Princes {rC++
                  | Stlth+} (You found it on level 5 of the Pits of Slime)
 83825 | Slime:5  | Lost mutation: You have a pair of small antennae on your
                  | head. [Jiyva's grace]
 84208 | Zot:1    | Entered Level 1 of the Realm of Zot
 84931 | Zot:2    | Reached skill level 10 in Necromancy
 84972 | Zot:1    | Gained mutation: Your body has grown golden eyes which may
                  | confuse attackers. (Acc +3) [Jiyva's grace]
 86335 | Zot:2    | Lost mutation: Your translucent skin slightly reduces your
                  | foes' accuracy. (Stealth) [Jiyva's grace]
 86974 | Zot:2    | Gained mutation: You are covered in slimy tendrils that may
                  | disarm your opponents. [Jiyva's grace]
 86976 | Zot:2    | Reached skill level 10 in Fire Magic
 87212 | Zot:3    | Noticed an orb of fire
 87214 | Zot:3    | Gained mutation: Your magical capacity is low. (-10% MP)
                  | [an orb of fire]
 87217 | Zot:3    | Killed an orb of fire
 87220 | Zot:3    | Lost mutation: Your magical capacity is low. (-10% MP)
                  | [Jiyva's power]
 87594 | Zot:3    | Gained mutation: You are weak. (Str -2) [Jiyva's grace]
 87763 | Zot:3    | Gained mutation: You are clumsy. (Dex -2) [Jiyva's grace]
 87855 | Zot:3    | Was forgiven by Vehumet
 87972 | Zot:3    | Noticed a Killer Klown
 87977 | Zot:3    | Killed a Killer Klown
 87998 | Zot:3    | Gained mutation: You have sharp toenails. [Jiyva's grace]
 88000 | Zot:3    | Lost mutation: You are weak. (Str -2) [Jiyva's power]
 88001 | Zot:3    | Lost mutation: You are clumsy. (Dex -2) [Jiyva's power]
 88061 | Zot:3    | Gained mutation: You are clumsy. (Dex -2) [Jiyva's grace]
 88206 | Zot:3    | Noticed an orb of fire
 88208 | Zot:3    | Killed an orb of fire
 88746 | Zot:4    | Lost mutation: You are clumsy. (Dex -2) [Jiyva's power]
 88782 | Zot:4    | Gained mutation: You can translocate small distances at
                  | will. [Jiyva's grace]
 88928 | Zot:4    | Reached skill level 10 in Fighting
 89166 | Zot:4    | Lost mutation: You have sharp toenails. [Jiyva's grace]
 89261 | Zot:4    | Lost mutation: You can translocate small distances at will.
                  | [Jiyva's grace]
 89361 | Zot:4    | Noticed an orb of fire
 89379 | Zot:4    | Gained mutation: Your body sometimes deteriorates upon
                  | taking damage. [an orb of fire]
 89381 | Zot:4    | Killed an orb of fire
 89383 | Zot:4    | Lost mutation: Your body sometimes deteriorates upon taking
                  | damage. [Jiyva's power]
 89591 | Zot:4    | Gained mutation: You have a pair of small horns on your
                  | head. [Jiyva's grace]
 89636 | Zot:4    | Noticed an ancient lich
 89640 | Zot:4    | Killed an ancient lich
 89732 | Zot:4    | Lost mutation: You are covered in slimy tendrils that may
                  | disarm your opponents. [Jiyva's grace]
 89766 | Zot:5    | Entered Level 5 of the Realm of Zot
 89885 | Zot:5    | Gained mutation: You are weak. (Str -2) [Jiyva's grace]
 90283 | Zot:5    | Noticed an ancient lich
 90293 | Zot:5    | Killed an ancient lich
 90298 | Zot:5    | Noticed a Killer Klown
 90302 | Zot:5    | Killed a Killer Klown
 90306 | Zot:5    | Gained mutation: You are resistant to electric shocks.
                  | (rElec) [Jiyva's grace]
 90312 | Zot:5    | Noticed an orb of fire
 90400 | Zot:5    | Gained mutation: You tend to lose your temper in combat.
                  | [an orb of fire]
 90402 | Zot:5    | Killed an orb of fire
 90403 | Zot:5    | Lost mutation: You are weak. (Str -2) [Jiyva's power]
 90404 | Zot:5    | Lost mutation: You tend to lose your temper in combat.
                  | [Jiyva's power]
 90404 | Zot:5    | Noticed an ancient lich
 90413 | Zot:5    | Killed an ancient lich
 90570 | Zot:5    | Noticed a Killer Klown
 90576 | Zot:5    | Killed a Killer Klown
 90599 | Zot:5    | Noticed a Killer Klown
 90695 | Zot:5    | Killed a Killer Klown
 90760 | Zot:5    | Was placed under penance by Jiyva
 91074 | Zot:5    | Noticed an ancient lich
 91077 | Zot:5    | Killed an ancient lich
 91167 | Zot:5    | Noticed a Killer Klown
 91194 | Zot:5    | Killed a Killer Klown
 91386 | Zot:5    | Was forgiven by Jiyva
 91386 | Zot:5    | Gained mutation: Armour fits poorly on your large
                  | pseudopods. [Jiyva's grace]
 91604 | Depths:3 | Learned a level 8 spell: Necromutation
 91642 | Depths:5 | Lost mutation: You have a pair of small horns on your head.
                  | [Jiyva's grace]
 91649 | Depths:5 | Lost mutation: You are resistant to electric shocks.
                  | (rElec) [Jiyva's grace]
 91972 | Zot:5    | Noticed an orb of fire
 91974 | Zot:5    | Killed an orb of fire
 92172 | Zot:5    | Noticed an orb of fire
 92173 | Zot:5    | Gained mutation: You are weak. (Str -2) [an orb of fire]
 92176 | Zot:5    | Killed an orb of fire
 92233 | Zot:5    | Lost mutation: You are weak. (Str -2) [Jiyva's grace]
 92291 | Zot:5    | Noticed a Killer Klown
 92419 | Zot:5    | Killed a Killer Klown
 92517 | Zot:5    | Noticed an ancient lich
 92523 | Zot:5    | Killed an ancient lich
 93852 | Zot:5    | Upgraded the game from 0.25-a0-719-gde951dce62 to
                  | 0.25-a0-730-g633e9c3c14
 93944 | Depths:5 | Gained mutation: You possess an exceptional clarity of
                  | mind. [Jiyva's grace]
 94009 | Depths:4 | Voluntarily entered the Abyss.
 94198 | Depths:4 | Escaped the Abyss
 94200 | Depths:4 | Voluntarily entered the Abyss.
 94408 | Depths:4 | Escaped the Abyss
 94410 | Depths:4 | Voluntarily entered the Abyss.
 94464 | Depths:4 | Escaped the Abyss
 94466 | Depths:4 | Voluntarily entered the Abyss.
 94477 | Abyss:2  | Found a corrupted altar of Lugonu.
 94493 | Abyss:3  | Found a corrupted altar of Lugonu.
 94531 | Abyss:3  | Reached skill level 27 in Conjurations
 94939 | Abyss:3  | Gained mutation: You are dopey. (Int -2) [Jiyva's grace]
 95013 | Abyss:3  | Lost mutation: You are dopey. (Int -2) [Jiyva's power]
 95521 | Abyss:3  | Gained mutation: You have an increased reservoir of magic.
                  | (+10% MP) [Jiyva's grace]
 95841 | Abyss:3  | Lost mutation: Armour fits poorly on your large pseudopods.
                  | [Jiyva's grace]
 96492 | Abyss:3  | Lost mutation: Your body has grown golden eyes which may
                  | confuse attackers. (Acc +3) [Jiyva's grace]
 96656 | Abyss:3  | Found a corrupted altar of Lugonu.
 96666 | Abyss:3  | Found a corrupted altar of Lugonu.
 96856 | Abyss:3  | Gained mutation: Your movements are slightly less
                  | encumbered by armour. (ER -2) [Jiyva's grace]
 97013 | Abyss:3  | Reached skill level 5 in Staves
 97140 | Abyss:3  | Reached skill level 15 in Shields
 97200 | Abyss:3  | Found a corrupted altar of Lugonu.
 97205 | Abyss:3  | Identified the +1 plate armour "Wuuxasta" {Int+3 SInv} (You
                  | acquired it on level 3 of the Abyss)
 97482 | Abyss:3  | Gained mutation: You expend magic power (3 MP) to
                  | strengthen your wands. [Jiyva's grace]
 97655 | Abyss:3  | Identified the +1 tower shield of the Candlemaker {rF+}
                  | (You found it on level 3 of the Abyss)
 97731 | Abyss:3  | Was placed under penance by Jiyva
 98371 | Depths:4 | Escaped the Abyss
 98447 | Depths:4 | Voluntarily entered the Abyss.
 98470 | Abyss:1  | Reached skill level 15 in Necromancy
 98509 | Abyss:1  | Killed from afar by a green death

Levels and vault maps discovered:
D:1:      minmay_arrival_semitransparent, layout_basic, st_stairs_8
D:2:      layout_basic
D:3:      layout_rooms, lemuel_doored_altar, ashenzari_altar_1,
          lemuel_crystal_altar, old_standard_altar, chequers_mini_garden,
          trog_hazing_becter, uniq_robin, uniq_crazy_yiuf_cottage, uniq_terence
D:4:      minmay_chambers_of_threes, layout_cave_pools, fedhas_altar_4,
          cheibrodos_sewer_entry_sluice, minmay_increasing_density
D:5:      layout_rooms, first_ration, serial_shops, nicolae_shop_stone,
          uniq_menkaure
D:6:      layout_cave_pools, vehumet_altar_wand_db, serial_shops, shop,
          serial_park, serial_park_tiny_1, serial_park_tiny_pond,
          serial_park_tiny_1, kennysheep_generic_room_7
D:7:      layout_loops_ring, xom_shifter_show, kennysheep_mini,
          gammafunk_temple_overflow_statue, minmay_temple_entry_stoned_glass,
          nicolae_ossuary_entry_plus, grunt_livestock, kennysheep_minor_cross,
          corexii_hall_statues_l, minivault_1, minmay_liquid_box,
          serial_bayou_crossing
D:8:      layout_basic, chequers_temple_overflow_statue_of_worship,
          serial_shops, shop_fountains, uniq_erica
D:9:      layout_basic, minmay_orc_entry_temple_small, serial_shops,
          nicolae_shop_temple_entry_statues_fountains
D:10:     layout_roguey [special_room_orc], enter_bailey_2, lemuel_statue_altar
D:11:     layout_roguey, minmay_lair_entry_grove, uniq_snorg
D:12:     layout_layer_cave, ploomutoo_gammafunk_ghost_potion_laboratory
D:13:     layout_basic
D:14:     layout_roguey, david_vaults_3, serial_rivers,
          chequers_serial_rivers_marsh, chequers_serial_rivers_marsh,
          chequers_serial_rivers_small_b, chequers_serial_rivers_large_a,
          serial_shops, nicolae_shop_overgrown_old_shop, hangedman_batty
D:15:     grunt_enter_depths_snipers, layout_basic,
          hangedman_decor_clover_reticule, fake_guardian_serpent_vault,
          uniq_louise
Lair:1:   layout_hall_layers, lemuel_fruit_fields, infiniplex_staircase_pool_2
Lair:2:   layout_cave_pods, minmay_snake_entry_guardpost_medium,
          gauntlet_entry_generic, worms_lemuel
Lair:3:   layout_gridlike, minmay_swamp_entry_worms, grunt_megastairs_2,
          serial_bayou_shore_a, lemuel_fruit_fields
Lair:4:   layout_roguey, grunt_megastairs_3, uniq_urug
Lair:5:   layout_regular_city, minmay_slime_entry_eyes, minmay_holes,
          nicolae_quartered_pool_medium, lookout_lair_type,
          bobbens_ice_dragon_lair, infiniplex_staircase_pool, uniq_nessos
Lair:6:   guppyfry_lair_end_dragon, layout_cave_pods,
          gammafunk_ghost_hydra_chop, serial_bayou_shore_b
Swamp:1:  layout_basic_swamp, evilmike_swamp_ruin_rubble_2
Swamp:2:  layout_basic_swamp, hangedman_swamp_cone
Swamp:3:  layout_basic_swamp, evilmike_swamp_ruin_house_3
Swamp:4:  swamp_vile, layout_basic_swamp
Snake:1:  layout_grid_maze, drop_trap
Snake:2:  layout_grid_maze, basic_altar, gammafunk_ghost_split,
          serial_bayou_shore_b
Snake:3:  layout_cave_pods, basic_altar, serial_bayou_lake_a, uniq_mara,
          uniq_vashnia
Snake:4:  grunt_snake_rune_pools, layout_concentric_octagons, basic_altar,
          corexii_hall_statues_x, uniq_asterion
Slime:1:  layout_caves
Slime:2:  layout_caves, cheibrodos_slime_lost_civilization_7
Slime:3:  layout_caves, nicolae_slime_round_cave
Slime:4:  layout_caves
Slime:5
Orc:1:    orc_temple, layout_caves, ebering_ghost_xom, uniq_jorgrun
Orc:2:    pubby_orc_utopia
Elf:1:    eino_elf_arrival_shootout, layout_geoelf_grid,
          portal_desolation_entry_garden, serial_shops, shop,
          gammafunk_ghost_berserking_beasts, evilmike_minifort
Elf:2:    layout_geoelf_octagon
Elf:3:    minmay_elf_hall_dome, layout_loops_corners,
          ebering_ghost_reflecting_pool, patterned_corridor
Vaults:1: hangedman_vaults_unwind, nicolae_vaults_triangles,
          vaults_room_door_ring, v_alt_pattern_2,
          nicolae_vaults_ring_of_whatevers, v_alt_pattern_6,
          nicolae_vaults_little_squares_3, layout_vaults_omnigrid
Vaults:2: ebering_vaults_ghost_reflecting_pool, dpeg_vaults_monster_box,
          nicolae_vaults_network_periphery, v_misc_19, vaults_mumra_chevron,
          vaults_room_door_hall, nicolae_vaults_little_squares_4,
          nicolae_vaults_little_squares_6, v_alt_pattern_6,
          vaults_mumra_hexcomb, v_misc_4, vaults_dpeg_encased_lava, st_cross,
          ontoclasm_vaults_twist, layout_vaults_big_cross, uniq_mennas
Vaults:3: v_misc_26, grunt_tower_of_power, ontoclasm_vaults_fault,
          vaults_dpeg_hooks, v_misc_4, ontoclasm_vaults_ring_large,
          hangedman_vaults_restitches, hangedman_vaults_restitches,
          nicolae_vaults_little_squares_5, vaults_room_grunt_arrival_ludios,
          ontoclasm_vaults_decontamination, layout_vaults_ring,
          minmay_crypt_entry_simple_corners
Vaults:4: vaults_room_hallway, ontoclasm_vaults_eye,
          nicolae_vaults_circle_grid_b, nicolae_vaults_what_the_h,
          nicolae_vaults_little_squares_6,
          vaults_standard_mumra_enter_the_diamond, v_pattern_5, v_misc_10,
          v_misc_13, hangedman_vaults_maws, layout_vaults_big_room,
          uniq_bai_suzhen
Vaults:5: serial_shops
Crypt:1:  layout_chaotic_city, grunt_ministairs_1
Crypt:2:  layout_catacombs, serial_glass, glass_columns_a, glass_columns_a
Crypt:3:  church_of_pain_bobbens, layout_chaotic_city, gammafunk_ghost_cemetery
Depths:1: four-leaf_vault, layout_cave_pools, serial_shops, shop, hell_entry,
          corexii_corridor_pit, minmay_three_doors, uniq_sojobo
Depths:2: minmay_the_grid_octo_tiled_octocenter
          [minmay_the_grid_octo_fan_narrow,
          minmay_the_grid_octo_tetromino_candy, minmay_the_grid_octo_concentric,
          minmay_the_grid_octo_focus, minmay_the_grid_octo_prize_big_c,
          minmay_the_grid_square_5x5_eight, minmay_the_grid_square_5x5_fat_x,
          minmay_the_grid_square_5x5_half_checkered,
          minmay_the_grid_square_5x5_plus], layout_cave_pools, enter_ziggurat_d,
          hangedman_coc_ice_floe
Depths:3: minmay_octagon_keep, layout_basic, abyss_entry, gammafunk_ghost_split,
          grunt_pan_entry_in_and_out, nrook_mini_backslash, hell_entry,
          chequers_serial_rivers_micro_a, uniq_enchantress, uniq_frederick
Depths:4: radiant_caverns_a_rkd, hell_entry, abyss_entry
Depths:5: lemuel_castle_with_subvaults [lemuel_castle_interior_carwin_1],
          layout_cave_shapes, pan_entry, hell_entry,
          serial_sigils_hangedman_writhe, minmay_misc_feat_pillars,
          hangedman_decor_peaks_small
Zot:1:    layout_cathedral_of_symmetry
Zot:2:    layout_basic
Zot:3:    layout_gridlike, zot_minivault_2, lemuel_elevator
Zot:4:    layout_misc_corridors, nzn_random_ring
Zot:5:    layout_cathedral_of_symmetry, hangedman_zot_diagonal_lockstep
Abyss:1:  base: D:4, minivault_27, minivault_27, base: Snake:2, base: Vaults:4,
          base: Swamp:3, base:
Dis:4

Skill      XL: |  1  2  3  4  5  6  7  8  9 10 11 12 13 14 15 16 17 18 19 20 21 22 23 24 25 26 27 |
---------------+----------------------------------------------------------------------------------+-----
Earth Magic    | 4 5 6 7 9 10 11 13 14 15 16 17 18 19 21 22 23 24 25 27 | 27.0
Armour         | 1 2 4 5 6 9 |  9.7
Spellcasting   | 3 4 5 6 7 9 10 11 12 14 16 18 19 20 21 | 21.2
Short Blades   | 1 2 3 4 5 6 |  6.1
Fighting       | 1 2 3 4 5 6 7 11 | 11.0
Staves         | 1 2 3 6 |  6.3
Conjurations   | 1 2 3 5 6 8 9 11 12 13 14 15 16 17 27 | 27.0
Dodging        | 3 4 5 6 7 13 | 13.0
Evocations     | 1 4 5 6 7 8 10 11 14 | 14.4
Shields        | 1 2 4 5 15 | 15.9
Transmutations | 2 |  2.0
Fire Magic     | 1 2 14 | 14.4
Necromancy     | 1 2 15 | 15.0
Polearms       | 1 2 |  2.0
Maces & Flails | |  0.7
Stealth        | |  2.0
Translocations | |  0.2

Action                   |  1- 3 |  4- 6 |  7- 9 | 10-12 | 13-15 | 16-18 | 19-21 | 22-24 | 25-27 || total
-------------------------+-------+-------+-------+-------+-------+-------+-------+-------+-------++-------
Melee: Unarmed           |     6 |       |       |       |       |       |       |       |       ||     6
       Club              |    29 |       |       |       |       |       |       |       |       ||    29
       Rapier            |     6 |   133 |   184 |   350 |   693 |   103 |       |       |       ||  1469
       Quarterstaff      |       |    22 |    97 |    90 |       |       |       |       |       ||   209
       Staff             |       |       |       |       |    13 |    69 |   126 |    94 |   466 ||   768
       Lance             |       |       |       |       |       |       |       |    60 |   471 ||   531
       Pseudopods        |       |       |       |       |       |       |       |       |   104 ||   104
       Headbutt          |       |       |       |       |       |       |       |       |     2 ||     2
Throw: Stone             |       |     2 |       |       |       |       |       |       |       ||     2
       Javelin           |       |     1 |     5 |       |       |       |       |       |       ||     6
 Cast: Sandblast         |    25 |    27 |    35 |    36 |    79 |       |       |       |       ||   202
       Stone Arrow       |     4 |    17 |    40 |    54 |   108 |    41 |     1 |       |       ||   265
       Lee's Rapid Decon |       |       |     1 |    91 |   254 |   194 |   369 |   598 |   955 ||  2462
       Petrify           |       |       |       |     4 |    28 |     1 |       |       |       ||    33
       Bolt of Magma     |       |       |       |       |     4 |    25 |   214 |    66 |    28 ||   337
       Starburst         |       |       |       |       |       |     9 |     3 |     8 |    10 ||    30
       Orb of Destructio |       |       |       |       |       |     6 |    15 |    32 |   171 ||   224
       Shatter           |       |       |       |       |       |       |       |     2 |   150 ||   152
       Borgnjor's Vile C |       |       |       |       |       |       |       |    16 |    36 ||    52
       Lehudib's Crystal |       |       |       |       |       |       |       |    17 |    54 ||    71
       Iron Shot         |       |       |       |       |       |       |       |       |   827 ||   827
       Apportation       |       |       |       |       |       |       |       |       |     8 ||     8
Invok: Request Jelly     |       |       |       |       |       |       |       |       |    45 ||    45
       Cure Bad Mutation |       |       |       |       |       |       |       |       |     9 ||     9
Evoke: Wand              |       |       |     3 |    25 |    21 |     3 |     7 |    30 |     6 ||    95
       Lightning rod     |       |       |       |     1 |     8 |     2 |     4 |       |    15 ||    30
       Phantom mirror    |       |       |       |       |       |       |       |     3 |       ||     3
       Box of beasts     |       |       |       |       |       |       |       |     2 |       ||     2
  Use: Scroll            |       |     8 |     4 |    13 |    17 |     9 |    10 |    15 |    53 ||   129
       Potion            |       |       |       |     4 |     4 |     2 |     2 |     9 |    12 ||    33
 Stab: Sleeping          |     2 |       |     2 |     2 |     1 |     3 |       |     1 |       ||    11
       Paralysed         |       |       |     2 |     3 |       |       |       |       |     3 ||     8
       Distracted        |       |       |     1 |       |       |       |       |       |     1 ||     2
       Confused          |       |       |       |     1 |     1 |       |       |       |     1 ||     3
       Petrified         |       |       |       |     7 |    45 |     3 |       |       |       ||    55
       Invisible         |       |       |       |     2 |       |       |       |       |       ||     2
       Petrifying        |       |       |       |       |     3 |       |       |       |       ||     3
  Eat: Chunk             |     4 |     9 |    16 |    48 |    74 |    48 |    48 |    38 |    80 ||   365
       Ration            |       |     1 |       |     1 |     5 |     2 |     6 |     3 |    12 ||    30
Armor: Robe              |    22 |     1 |    80 |    82 |       |       |       |       |       ||   185
       Leather armour    |       |    68 |     9 |       |       |       |       |       |       ||    77
       Skin              |       |       |       |     6 |       |       |       |       |       ||     6
       Troll leather arm |       |       |       |    20 |   123 |    75 |    50 |    94 |    19 ||   381
       Fire dragon scale |       |       |       |       |    76 |       |       |       |       ||    76
       Ring mail         |       |       |       |       |       |       |       |       |   136 ||   136
       Acid dragon scale |       |       |       |       |       |       |       |       |   338 ||   338
Dodge: Dodged            |    54 |   168 |   230 |   359 |   549 |   250 |   196 |   182 |   571 ||  2559
Block: Buckler           |       |       |       |     1 |   140 |    85 |    59 |     5 |       ||   290
       Kite shield       |       |       |       |       |       |       |       |   213 |   394 ||   607
       Tower shield      |       |       |       |       |       |       |       |       |   904 ||   904
       Reflection        |       |       |       |       |       |       |       |       |    21 ||    21

Table legend:
 A = Non-vault XP
 B = Vault XP
 C = Vault XP percentage of total XP
 D = Non-vault monster count
 E = Vault monster count
 F = Vault count percentage of total count
                 A         B        C        D         E       F
            +---------+---------+-------+---------+---------+-------
      Total | 1389909 | 1026460 |  42.5 |    2240 |    1363 |  37.8
            +---------+---------+-------+---------+---------+-------
        D:1 |      32 |       2 |   5.9 |      17 |       1 |   5.6
        D:2 |     143 |       0 |   0.0 |      27 |       0 |   0.0
        D:3 |      31 |     191 |  86.0 |      15 |      21 |  58.3
        D:4 |     465 |     381 |  45.0 |      20 |      14 |  41.2
        D:5 |    1074 |     169 |  13.6 |      31 |       1 |   3.1
        D:6 |     665 |     273 |  29.1 |      21 |       4 |  16.0
        D:7 |    1794 |     964 |  35.0 |      29 |       5 |  14.7
        D:8 |    1737 |     944 |  35.2 |      34 |       1 |   2.9
        D:9 |     249 |    2542 |  91.1 |       8 |      15 |  65.2
       D:10 |    1985 |     483 |  19.6 |      22 |      26 |  54.2
       D:11 |    6179 |    3168 |  33.9 |      33 |      13 |  28.3
       D:12 |   14368 |    8184 |  36.3 |      52 |      11 |  17.5
       D:13 |    5827 |    3782 |  39.4 |      20 |      17 |  45.9
       D:14 |    8555 |    6037 |  41.4 |      28 |      17 |  37.8
       D:15 |   10755 |    4440 |  29.2 |      32 |       5 |  13.5
     Lair:1 |    2556 |       0 |   0.0 |      16 |       0 |   0.0
     Lair:2 |    4196 |    1935 |  31.6 |       9 |      11 |  55.0
     Lair:3 |   12408 |     725 |   5.5 |      35 |       4 |  10.3
     Lair:4 |    5222 |     397 |   7.1 |      24 |       1 |   4.0
     Lair:5 |    1701 |    1698 |  50.0 |       5 |       6 |  54.5
     Lair:6 |   15589 |    4399 |  22.0 |      55 |      17 |  23.6
    Swamp:1 |   14888 |       0 |   0.0 |      32 |       0 |   0.0
    Swamp:2 |    9831 |       0 |   0.0 |      21 |       0 |   0.0
    Swamp:3 |    7360 |       0 |   0.0 |      17 |       0 |   0.0
    Swamp:4 |    8918 |   20172 |  69.3 |      27 |      29 |  51.8
    Snake:1 |    9281 |       0 |   0.0 |      22 |       0 |   0.0
    Snake:2 |   16468 |       0 |   0.0 |      33 |       0 |   0.0
    Snake:3 |   20428 |   16854 |  45.2 |      41 |       7 |  14.6
    Snake:4 |   11041 |   39164 |  78.0 |      21 |      62 |  74.7
    Slime:1 |    3603 |       0 |   0.0 |       6 |       0 |   0.0
    Slime:2 |    7067 |       0 |   0.0 |       8 |       0 |   0.0
    Slime:3 |    7132 |   10858 |  60.4 |       4 |      10 |  71.4
    Slime:4 |    6585 |       0 |   0.0 |       7 |       0 |   0.0
    Slime:5 |   17334 |    9379 |  35.1 |      18 |       7 |  28.0
      Orc:1 |    2144 |    4456 |  67.5 |      28 |      35 |  55.6
      Orc:2 |     395 |   22434 |  98.3 |       4 |     130 |  97.0
      Elf:1 |   20759 |   20838 |  50.1 |      36 |      29 |  44.6
      Elf:2 |   22996 |    3243 |  12.4 |      39 |       4 |   9.3
      Elf:3 |   22340 |   38556 |  63.3 |      35 |      27 |  43.5
   Vaults:1 |   24215 |   10029 |  29.3 |      42 |      18 |  30.0
   Vaults:2 |   26910 |   26576 |  49.7 |      53 |      36 |  40.4
   Vaults:3 |   36766 |   36880 |  50.1 |      54 |      42 |  43.8
   Vaults:4 |   57199 |   21764 |  27.6 |      81 |      29 |  26.4
   Vaults:5 |   45338 |  132843 |  74.6 |      56 |      99 |  63.9
    Crypt:1 |   40885 |    5888 |  12.6 |      56 |      10 |  15.2
    Crypt:2 |   29199 |       0 |   0.0 |      40 |       0 |   0.0
    Crypt:3 |   28728 |   50006 |  63.5 |      35 |      71 |  67.0
   Depths:1 |   46653 |   35264 |  43.0 |      67 |      23 |  25.6
   Depths:2 |   51297 |   33378 |  39.4 |      63 |      29 |  31.5
   Depths:3 |   38112 |   39585 |  50.9 |      41 |      38 |  48.1
   Depths:4 |    2806 |   62280 |  95.7 |       2 |     115 |  98.3
   Depths:5 |   49238 |   48409 |  49.6 |      42 |      43 |  50.6
      Zot:1 |   32404 |       0 |   0.0 |      20 |       0 |   0.0
      Zot:2 |   66253 |       0 |   0.0 |      32 |       0 |   0.0
      Zot:3 |   65509 |   21839 |  25.0 |      33 |      13 |  28.3
      Zot:4 |   54067 |   38194 |  41.4 |      32 |      16 |  33.3
      Zot:5 |   14404 |  166323 |  92.0 |      13 |      40 |  75.5
    Abyss:1 |   35565 |    4160 |  10.5 |      47 |       3 |   6.0
    Abyss:3 |  178524 |    5323 |   2.9 |     339 |       6 |   1.7
    Abyss:4 |    4580 |       0 |   0.0 |       5 |       0 |   0.0
      Zig:1 |     751 |       0 |   0.0 |       3 |       0 |   0.0
      Zig:2 |    1056 |       0 |   0.0 |       6 |       0 |   0.0
      Zig:3 |    5292 |       0 |   0.0 |       3 |       0 |   0.0
      Zig:4 |    5216 |       0 |   0.0 |       5 |       0 |   0.0
      Zig:5 |    4262 |       0 |   0.0 |       8 |       0 |   0.0
      Zig:6 |    7033 |       0 |   0.0 |      12 |       0 |   0.0
      Zig:7 |   14767 |       0 |   0.0 |       8 |       0 |   0.0
      Zig:8 |   12929 |       0 |   0.0 |      12 |       0 |   0.0
      Zig:9 |   11624 |       0 |   0.0 |      12 |       0 |   0.0
     Zig:10 |   20062 |       0 |   0.0 |      15 |       0 |   0.0
     Zig:11 |   21567 |       0 |   0.0 |      14 |       0 |   0.0
     Zig:12 |   19261 |       0 |   0.0 |      30 |       0 |   0.0
     Zig:13 |   27443 |       0 |   0.0 |      19 |       0 |   0.0
     Zig:14 |    5893 |       0 |   0.0 |       8 |       0 |   0.0
      Sewer |       0 |     234 | 100.0 |       0 |      20 | 100.0
    Ossuary |       0 |     844 | 100.0 |       0 |      35 | 100.0
     Bailey |       0 |    2929 | 100.0 |       0 |      40 | 100.0
 Desolation |       0 |   57044 | 100.0 |       0 |     107 | 100.0
            +---------+---------+-------+---------+---------+-------
